 Dungeon Crawl Stone Soup version 0.31-a0-1-g4198be8af4 (webtiles) character file.

Game seed: 15145166706191051541

718 Majang the Chopper (level 7, -1/56 HPs)
             Began as a Demonspawn Fighter on May 2, 2023.
             Slain by Crazy Yiuf
             ... wielding a +4 quarterstaff of chaos
              (9 damage)
             ... on level 4 of the Dungeon.
             The game lasted 00:09:07 (2941 turns).

Majang the Chopper (Demonspawn Fighter)             Turns: 2941, Time: 00:09:08

Health: -1/56      AC: 10    Str: 19    XL:     7   Next: 42%
Magic:  7/7        EV:  9    Int:  9    God:
Gold:   86         SH:  8    Dex: 12    Spells: 6/6 levels left

rFire   . . .        a - +0 war axe
rCold   . . .        c - +0 buckler
rNeg    . . .        b - +0 scale mail
rPois   +            y - +0 helmet
rElec   .            (no cloak)
rCorr   .            k - +0 pair of gloves
SInv    .            e - +0 pair of boots
Will    .....        C - amulet of the acrobat Stlth
                     l - ring of poison resistance
HPRegen 0.29/turn    (no ring)
MPRegen 0.10/turn

%: acrobat
@: mighty
A: claws 2, large bone plates 1, demonic guardian 1
a: no special abilities


You were on level 4 of the Dungeon.
You visited 1 branch of the dungeon, and saw 4 of its levels.

You collected 167 gold pieces.
You spent 81 gold pieces at shops.

Inventory:

Hand Weapons
 a - a +0 war axe (weapon)
 w - a +0 flail
Missiles
 g - 2 boomerangs (quivered)
 v - 3 javelins
Armour
 b - a +0 scale mail (worn)
 c - a +0 buckler (worn)
 e - a +0 pair of boots (worn)
 i - a +0 plate armour
 k - a +0 pair of gloves (worn)
 s - a +0 kite shield
 y - a +0 helmet (worn)
Jewellery
 l - a ring of poison resistance (left hand)
 C - an amulet of the acrobat (around neck)
Scrolls
 f - a scroll of enchant weapon {unknown}
 h - a scroll of acquirement {unknown}
 n - a scroll of blinking {unknown}
 o - 2 scrolls of teleportation {unknown}
 q - 2 scrolls of silence {unknown}
 r - a scroll of immolation {unknown}
 t - a scroll of amnesia {unknown}
 x - a scroll of butterflies {unknown}
 B - a scroll of enchant armour {unknown}
 D - a scroll of identify {unknown}
Potions
 j - a potion of heal wounds {unknown}
 m - a potion of brilliance {unknown}
 p - a potion of mutation {unknown}
 u - 2 potions of degeneration {unknown}
 z - a potion of attraction {unknown}
 A - a potion of flight {unknown}


   Skills:
 + Level 5.5 Fighting
 * Level 6.4 Axes
 - Level 2.6 Armour
 - Level 2.6 Shields


You had 6 spell levels left.
You didn't know any spells.
Your spell library contained the following spells:

 Spells                   Type           Power      Damage    Failure   Level
 Beastly Appendage        Tmut           0%         N/A       83%         1
 Sandblast                Erth           0%         2d4       83%         1
 Passwall                 Tmut/Erth      0%         N/A       93%         2
 Wereblood                Tmut           0%         N/A       93%         2
 Spider Form              Tmut/Pois      0%         N/A       99%         3
 Stone Arrow              Conj/Erth      0%         3d7       99%         3


Dungeon Overview and Level Annotations

Branches:
Dungeon (4/15)
 Temple: D:4-7

Altars:
Ashenzari
Hepliaklqana
Ru
Sif Muna

Shops:
D:1 =   D:4 [

Annotations:
D:4 2 transporters, Crazy Yiuf; void236's ghost, amateur DjFE


Innate Abilities, Weirdness & Mutations

You have very sharp fingernails.
You are partially covered in large bone plates. (SH +4)
A weak demonic guardian rushes to your aid.


Message History

Crazy Yiuf hits you with a +4 quarterstaff of chaos!
You resist with some effort.
You hit Crazy Yiuf.
Crazy Yiuf is moderately wounded.
Crazy Yiuf hits you with a +4 quarterstaff of chaos.
Crazy Yiuf freezes you.
You slash Crazy Yiuf!
Crazy Yiuf is almost dead.
Crazy Yiuf hits you with a +4 quarterstaff of chaos.
Crazy Yiuf freezes you.
Crazy Yiuf hits you with a +4 quarterstaff of chaos.
You hit Crazy Yiuf but do no damage.
Crazy Yiuf is almost dead.
Crazy Yiuf grits, "Snurf spinner sing-song!"
Crazy Yiuf drinks a potion.
Crazy Yiuf is healed!
You hit Crazy Yiuf.
Crazy Yiuf is heavily wounded.
You block Crazy Yiuf's attack.
You hit Crazy Yiuf but do no damage.
Crazy Yiuf is heavily wounded.
Crazy Yiuf hits you with a +4 quarterstaff of chaos.
Crazy Yiuf freezes you.
You hit Crazy Yiuf.
Crazy Yiuf is heavily wounded.
Crazy Yiuf hits you with a +4 quarterstaff of chaos!
* * * LOW HITPOINT WARNING * * *
Crazy Yiuf says, "Shower alas illywillydillykilly!"
Crazy Yiuf hits you with a +4 quarterstaff of chaos.
* * * LOW HITPOINT WARNING * * *
Crazy Yiuf burns you.
* * * LOW HITPOINT WARNING * * *
You feel very mighty all of a sudden.
Crazy Yiuf hits you with a +4 quarterstaff of chaos.
* * * LOW HITPOINT WARNING * * *
A demonic guardian appears!
You barely miss Crazy Yiuf.
Crazy Yiuf is heavily wounded.
Crazy Yiuf grits, "Leather!
Candle rumpyflump toodlewoodle."
Crazy Yiuf hits you with a +4 quarterstaff of chaos!
You die...

#.#.#
#.##...###.######
#.#.# #.##..##
#......# #.#.# #.##..#
######.# #.### ### ###
#.# #.# #†# #.# #.#
#.# ### ###### #.# #.#
#).5### ##P...###.#
#.#
#..)g@####......##.###
###
#.))##..#.............
### ###.#............
#######...#....
#.##..### ####..# #
#..# # ...# # ##.## #


You could see Crazy Yiuf (ally target) and a friendly white imp (summoned).

Vanquished Creatures
  Pikel (D:4)
  A sleepcap (D:4)
  A hound (D:4)
  A gnoll (D:4)
  5 adders
  2 worms
  An orc (D:4)
  4 endoplasms
  14 goblins
  8 hobgoblins
  8 jackals
  4 kobolds
  3 quokkas
  9 ball pythons
  3 bats
  4 frilled lizards
  5 rats
74 creatures vanquished.

Vanquished Creatures (collateral kills)
  A hound (D:4)
  Robin (D:4)
  2 goblins (D:4)
4 creatures vanquished.

Vanquished Creatures (others)
  3 fungi (D:4)
3 creatures vanquished.

Grand Total: 81 creatures vanquished

Notes
Turn   | Place    | Note
-------+----------+-------------------------------------------
     0 | D:1      | Majang the Demonspawn Fighter began the quest for the Orb.
     0 | D:1      | Reached XP level 1. HP: 18/18 MP: 1/1
    84 | D:1      | Reached skill level 2 in Axes
   145 | D:1      | Found a faded altar of an unknown god.
   264 | D:1      | Gained mutation: A weak demonic guardian rushes to your
                  | aid. [demonic ancestry]
   264 | D:1      | Reached XP level 2. HP: 24/24 MP: 2/2
   313 | D:1      | Found Sigeoph's Jewellery Shoppe.
   734 | D:2      | Reached XP level 3. HP: 29/29 MP: 3/3
   985 | D:2      | Reached skill level 3 in Axes
  1391 | D:3      | Found a broken altar of Ashenzari.
  1931 | D:3      | Found a sacrificial altar of Ru.
  1941 | D:3      | Gained mutation: You have sharp fingernails. [demonic
                  | ancestry]
  1941 | D:3      | Reached XP level 4. HP: 33/37 MP: 4/4
  2174 | D:4      | Found a transporter.
  2182 | D:4      | Reached skill level 4 in Axes
  2190 | D:4      | Noticed void236's ghost (amateur DjFE)
  2353 | D:4      | Found a shimmering blue altar of Sif Muna.
  2390 | D:4      | Found a transporter.
  2390 | D:4      | Noticed a phantom
  2397 | D:4      | Found Ones's Antique Armour Shoppe.
  2402 | D:4      | Bought a helmet for 81 gold pieces
  2417 | D:4      | Gained mutation: You are partially covered in large bone
                  | plates. (SH +4) [demonic ancestry]
  2417 | D:4      | Reached XP level 5. HP: 42/42 MP: 5/5
  2453 | D:4      | Noticed Robin
  2486 | D:4      | Killed Robin
  2641 | D:4      | Found a hazy altar of Hepliaklqana.
  2665 | D:4      | Noticed a lemure
  2667 | D:4      | Noticed a lemure
  2667 | D:4      | Noticed Pikel
  2670 | D:4      | Noticed a lemure
  2673 | D:4      | Noticed a lemure
  2682 | D:4      | Killed Pikel
  2683 | D:4      | Reached skill level 5 in Fighting
  2683 | D:4      | Reached skill level 6 in Axes
  2683 | D:4      | Gained mutation: You have very sharp fingernails. [demonic
                  | ancestry]
  2683 | D:4      | Reached XP level 6. HP: 45/51 MP: 6/6
  2683 | D:4      | Reached XP level 7. HP: 50/56 MP: 7/7
  2927 | D:4      | Found a runed translucent door.
  2928 | D:4      | Noticed Crazy Yiuf
  2941 | D:4      | Slain by Crazy Yiuf

Illustrated notes

Levels and vault maps discovered:
D:1:      wander_arrival_desolate, layout_basic, serial_shops,
          nicolae_shop_tiny_statue_garden,
          hellmonk_ecumenical_altar_leap_of_faith,
          nicolae_kite_square_tiling_tiny
D:2:      layout_basic
D:3:      layout_basic, good_gods_temple_1, mainiacjoe_overflow_large_starburst
D:4:      layout_loops_ring, led_sif_pool, lemuel_doored_altar,
          gammafunk_ghost_mausoleum, serial_shops, shop, minmay_crossroads,
          uniq_pikel, uniq_robin, uniq_crazy_yiuf_cottage

Skill      XL: |  1  2  3  4  5 |
---------------+----------------+-----
Axes           | 2 3 4 6 |  6.4
Fighting       | 4 5 |  5.5
Armour         | |  2.6
Shields        | |  2.6

Action                     |  1- 3 |  4- 6 |  7- 9 || total
---------------------------+-------+-------+-------++-------
  Melee: War axe           |   110 |   102 |    26 ||   238
    Use: Potion            |       |       |     1 ||     1
 Armour: Scale mail        |    57 |    57 |     5 ||   119
  Dodge: Dodged            |    49 |    38 |     9 ||    96
  Block: Buckler           |    22 |    45 |     7 ||    74

Table legend: (Time is in decaauts)
 A = Elapsed time spent in this place.
 B = Non-inter-level travel time spent in this place.
 C = Inter-level travel time spent in this place.
 D = Time resting spent in this place.
 E = Time spent auto-exploring this place.
 F = Levels seen in this place.
 G = Mean time per level.
                   A        B        C        D        E       F      G
               +--------+--------+--------+--------+--------+-----+--------+
         Total |   3027 |   2952 |     75 |    215 |   1902 |   4 |  756.8 |
       Dungeon |   3027 |   2952 |     75 |    215 |   1902 |   4 |  756.8 |
               +--------+--------+--------+--------+--------+-----+--------+

Top non-repeatable levels by time:
     D:4: 868 daAuts
     D:3: 744 daAuts
     D:1: 740 daAuts
     D:2: 673 daAuts
